[Event "FIDE Womens Grand Prix 2019-20"]
[Site "Skolkovo"]
[Date "2019.09.11"]
[Round "1.1"]
[White "Cramling, Pia"]
[Black "Ju, Wenjun"]
[Result "0-1"]
[ECO "A45"]
[WhiteElo "2487"]
[BlackElo "2576"]
[Annotator "ChessBase"]
[PlyCount "128"]
[EventDate "2019.09.11"]
[EventType "tourn"]
[EventCountry "RUS"]
[SourceTitle "playchess.com"]
[Source "ChessBase"]
[SourceQuality "1"]
[TimeControl "40/5400+30:1800+30"]

1. d4 Nf6 2. Bg5 d5 3. Bxf6 gxf6 4. e3 c5 5. dxc5 e6 6. c4 dxc4 7. Qxd8+ Kxd8 8. Bxc4 Bxc5 9. Nd2 Ke7 10. Ngf3 Bd7 11. O-O Nc6 12. Rfc1 Bb6 13. Be2 Rac8 14. Kf1 a6 15. a3 Rc7 16. Rc3 Rhc8 17. Rac1 Na5 18. Rxc7 Rxc7 19. Rxc7 Bxc7 20. Nd4 e5 21. Nc2 f5 22. Nb4 Be6 23. e4 fxe4 24. Nxe4 f5 25. Nc5 Bf7 26. g4 Bd6 27. Na4 fxg4 28. Bxg4 b5 29. Nc3 Bxb4 30. axb4 Nc6 31. Ke2 Nxb4 32. Bc8 Bg6 33. Bb7 Kd6 34. Ke3 Kc5 35. Bc8 a5 36. Bd7 Nc2+ 37. Kd2 Nd4 38. Ke3 Kc4 39. Kd2 b4 40. Na4 Kb3 41. Kc1 Ne2+ 42. Kd2 Nf4 43. Bb5 e4 44. Nc5+ Kxb2 45. Nb7 Ne6 46. Nxa5 Nd4 47. Bc4 Nf3+ 48. Ke3 Nxh2 49. Kf4 Nf3 50. Nb3 Kc3 51. Bg8 Nd2 52. Nc5 Kd4 53. Ne6+ Kd3 54. Kg3 b3 55. Nc5+ Kc2 56. Nxb3 Nxb3 57. Kf4 Nd2 58. Ke3 Kc3 59. Be6 Nc4+ 60. Kf4 Kd4 61. Bc8 Ne5 62. Bb7 Nd3+ 63. Kg3 Kc3 64. Ba6 Kd2 0-1

[Event "FIDE Womens Grand Prix 2019-20"]
[Site "Skolkovo"]
[Date "2019.09.11"]
[Round "1.2"]
[White "Stefanova, Antoaneta"]
[Black "Goryachkina, Aleksandra"]
[Result "0-1"]
[ECO "D23"]
[WhiteElo "2491"]
[BlackElo "2564"]
[Annotator "ChessBase"]
[PlyCount "108"]
[EventDate "2019.09.11"]
[EventType "tourn"]
[EventCountry "RUS"]
[SourceTitle "playchess.com"]
[Source "ChessBase"]
[SourceQuality "1"]
[TimeControl "40/5400+30:1800+30"]

1. d4 d5 2. c4 dxc4 3. Nf3 Nf6 4. Na3 e5 5. e3 exd4 6. Nxd4 c5 7. Ne2 Qxd1+ 8. Kxd1 Nc6 9. Nc3 a6 10. Nxc4 b5 11. Nb6 Bg4+ 12. f3 Rb8 13. a4 Rxb6 14. axb5 axb5 15. Ra8+ Kd7 16. fxg4 Nxg4 17. Kc2 Nf2 18. Rg1 Nb4+ 19. Kb1 Nfd3 20. g3 g6 21. Bh3+ Kc7 22. Rf1 f6 23. Bg2 c4 24. Bd2 Rb8 25. Rxb8 Kxb8 26. Rxf6 Bc5 27. Nxb5 Rd8 28. Rf7 Ne1 29. Rb7+ Kc8 30. Rc7+ Kb8 31. Bxb4 Rd1+ 32. Ka2 Nc2 33. b3 Nxb4+ 34. Kb2 Rd2+ 35. Kb1 Rxg2 36. bxc4 Nd3 37. Rxh7 Bxe3 38. Rd7 Nc5 39. Re7 Bg1 40. Na7 Nd3 41. Nc6+ Kc8 42. Rg7 Rb2+ 43. Ka1 Rb6 44. Na7+ Kd8 45. Nb5 Bxh2 46. Ka2 Bxg3 47. Kb3 Be5 48. Rh7 g5 49. Rh3 Nf4 50. Re3 Bf6 51. Kb4 Be7+ 52. Ka5 Rg6 53. Re4 Ne6 54. Rg4 Nc7 0-1

[Event "FIDE Womens Grand Prix 2019-20"]
[Site "Skolkovo"]
[Date "2019.09.11"]
[Round "1.5"]
[White "Lagno, Kateryna"]
[Black "Sebag, Marie"]
[Result "1/2-1/2"]
[ECO "B24"]
[WhiteElo "2545"]
[BlackElo "2450"]
[Annotator "ChessBase"]
[PlyCount "67"]
[EventDate "2019.09.11"]
[EventType "tourn"]
[EventCountry "RUS"]
[SourceTitle "playchess.com"]
[Source "ChessBase"]
[SourceQuality "1"]
[TimeControl "40/5400+30:1800+30"]

1. e4 c5 2. Nc3 Nc6 3. Bb5 Nd4 4. Nf3 a6 5. Bc4 b5 6. Bd5 Rb8 7. Nxd4 cxd4 8. Ne2 Nf6 9. Nxd4 e6 10. Bb3 Nxe4 11. c3 Bb7 12. O-O Be7 13. Bc2 Nf6 14. Nf3 O-O 15. d4 Qc7 16. Re1 b4 17. Qd3 bxc3 18. bxc3 Rbc8 19. Bd2 Bd5 20. Ne5 d6 21. Ng4 g6 22. Ne3 Bb7 23. Qe2 Nd5 24. Rab1 Nxe3 25. fxe3 Bd5 26. Bb3 Bc4 27. Qf3 d5 28. e4 dxe4 29. Qxe4 Bf6 30. Bh6 Bg7 31. Bxg7 Kxg7 32. Re3 Rb8 33. Rf3 Rb5 34. Bxc4 1/2-1/2

[Event "FIDE Womens Grand Prix 2019-20"]
[Site "Skolkovo"]
[Date "2019.09.11"]
[Round "1.6"]
[White "Koneru, Humpy"]
[Black "Harika, Dronavalli"]
[Result "1/2-1/2"]
[ECO "A21"]
[WhiteElo "2560"]
[BlackElo "2503"]
[Annotator "ChessBase"]
[PlyCount "86"]
[EventDate "2019.09.11"]
[EventType "tourn"]
[EventCountry "RUS"]
[SourceTitle "playchess.com"]
[Source "ChessBase"]
[SourceQuality "1"]
[TimeControl "40/5400+30:1800+30"]

1. c4 e5 2. Nc3 d6 3. Nf3 f5 4. d4 e4 5. Ng5 Be7 6. Nh3 Nf6 7. e3 O-O 8. Be2 c6 9. b4 Na6 10. Rb1 Nc7 11. O-O Kh8 12. d5 Bd7 13. Bb2 Be8 14. f3 b5 15. fxe4 bxc4 16. exf5 Nfxd5 17. Nxd5 cxd5 18. Nf4 Bf7 19. Bf3 Rc8 20. Rc1 Bf6 21. Bxf6 Qxf6 22. Nxd5 Nxd5 23. Bxd5 c3 24. Rf2 Qe5 25. e4 h6 26. a3 Rc7 27. Qd3 Bxd5 28. exd5 a5 29. b5 Rc5 30. Rd1 a4 31. h3 Qe8 32. Rb1 Qf7 33. Rd1 Qe8 34. b6 Qb5 35. Qxb5 Rxb5 36. Rc1 Rc8 37. Rfc2 Rxb6 38. Rxc3 Rxc3 39. Rxc3 Rb5 40. Rc4 Rxd5 41. Rxa4 Rxf5 42. Rd4 Ra5 43. Rxd6 Rxa3 1/2-1/2

[Event "FIDE Womens Grand Prix 2019-20"]
[Site "Skolkovo"]
[Date "2019.09.13"]
[Round "3.1"]
[White "Stefanova, Antoaneta"]
[Black "Ju, Wenjun"]
[Result "1/2-1/2"]
[ECO "C42"]
[WhiteElo "2491"]
[BlackElo "2576"]
[Annotator "ChessBase"]
[PlyCount "112"]
[EventDate "2019.09.11"]
[EventType "tourn"]
[EventCountry "RUS"]
[SourceTitle "playchess.com"]
[Source "ChessBase"]
[SourceQuality "1"]
[TimeControl "40/5400+30:1800+30"]

1. e4 e5 2. Nf3 Nf6 3. Nxe5 d6 4. Nf3 Nxe4 5. Nc3 Nxc3 6. dxc3 Be7 7. Be3 Nc6 8. Qd2 Be6 9. O-O-O Qd7 10. h3 a6 11. Kb1 O-O-O 12. g4 h5 13. g5 Ne5 14. Bg2 Qc6 15. Nxe5 Qxg2 16. Nd3 Qf3 17. h4 Rhe8 18. Nf4 Bg4 19. Nd5 Qf5 20. Rde1 Bf3 21. Nxe7+ Rxe7 22. Bd4 Re4 23. Rxe4 Bxe4 24. Re1 g6 25. Re3 Re8 26. f3 Bc6 27. Rxe8+ Bxe8 28. f4 Qe4 29. Bf2 Bd7 30. b3 Bf5 31. c4 b5 32. cxb5 axb5 33. a3 Kb7 34. Kb2 c5 35. Be1 Kc6 36. Qf2 d5 37. b4 d4 38. bxc5 d3 39. cxd3 Qxd3 40. Qd2 Qb1+ 41. Kc3 Kxc5 42. Bf2+ Kc6 43. Kd4 Qe4+ 44. Kc3 Qc4+ 45. Kb2 Kb7 46. Be3 Qe4 47. Kc3 Kc6 48. Bf2 Kb7 49. Be3 Qc6+ 50. Kb2 Qc4 51. Qc3 Qe4 52. Qc5 Qb1+ 53. Kc3 Qc2+ 54. Kb4 Qa4+ 55. Kc3 Qc2+ 56. Kb4 Qa4+ 1/2-1/2

[Event "FIDE Womens Grand Prix 2019-20"]
[Site "Skolkovo"]
[Date "2019.09.13"]
[Round "3.2"]
[White "Paehtz, Elisabeth"]
[Black "Cramling, Pia"]
[Result "1/2-1/2"]
[ECO "B30"]
[WhiteElo "2479"]
[BlackElo "2487"]
[Annotator "ChessBase"]
[PlyCount "81"]
[EventDate "2019.09.11"]
[EventType "tourn"]
[EventCountry "RUS"]
[SourceTitle "playchess.com"]
[Source "ChessBase"]
[SourceQuality "1"]
[TimeControl "40/5400+30:1800+30"]

1. e4 c5 2. Nf3 Nc6 3. Bb5 e6 4. O-O Nge7 5. d4 cxd4 6. Nxd4 Qb6 7. Nxc6 bxc6 8. Bd3 Ng6 9. Qh5 Bd6 10. Nc3 Ba6 11. Na4 Qb7 12. Nc5 Bxc5 13. Qxc5 Bxd3 14. cxd3 Qb6 15. Qc3 O-O 16. Be3 Qc7 17. Rac1 Rfc8 18. b3 d6 19. Rc2 Qd7 20. Rfc1 Ne7 21. g3 a5 22. Qd2 Qb7 23. Rc4 c5 24. d4 cxd4 25. Rxc8+ Rxc8 26. Rxc8+ Qxc8 27. Bxd4 Qc7 28. Bb2 f6 29. Ba3 Nc8 30. Qe2 Qc6 31. Qg4 d5 32. exd5 Qxd5 33. Qe2 Kf7 34. h4 Ne7 35. Bxe7 Kxe7 36. Qc2 h5 37. Qc7+ Kf8 38. Qf4 Kf7 39. Qe3 e5 40. a3 Kg6 41. Kh2 1/2-1/2

[Event "FIDE Womens Grand Prix 2019-20"]
[Site "Skolkovo"]
[Date "2019.09.13"]
[Round "3.3"]
[White "Gunina, Valentina"]
[Black "Goryachkina, Aleksandra"]
[Result "1/2-1/2"]
[ECO "D35"]
[WhiteElo "2502"]
[BlackElo "2564"]
[Annotator "ChessBase"]
[PlyCount "80"]
[EventDate "2019.09.11"]
[EventType "tourn"]
[EventCountry "RUS"]
[SourceTitle "playchess.com"]
[Source "ChessBase"]
[SourceQuality "1"]
[TimeControl "40/5400+30:1800+30"]

1. d4 Nf6 2. c4 e6 3. Nc3 d5 4. cxd5 exd5 5. Bg5 c6 6. e3 Be7 7. Bd3 Nbd7 8. Qc2 Nh5 9. Bxe7 Qxe7 10. O-O-O Nb6 11. Kb1 g6 12. Nge2 Ng7 13. Rhe1 Bf5 14. f3 Bxd3 15. Qxd3 O-O-O 16. e4 Ne6 17. exd5 Nxd5 18. Nxd5 Rxd5 19. Nc3 Rdd8 20. d5 cxd5 21. Nxd5 Qd6 22. Qc3+ Kb8 23. Qf6 Nc7 24. Qxd6 Rxd6 25. Nc3 Re8 26. Ne4 Rde6 27. Rg1 f5 28. Nd6 Rf8 29. a4 Ne8 30. Nc4 Nf6 31. Rd4 Re2 32. Nd6 Ne8 33. Nc4 Nf6 34. h4 Rc8 35. g3 Nd5 36. Rgd1 Ne3 37. Nxe3 Rxe3 38. R1d3 Rxd3 39. Rxd3 Re8 40. Ka2 Kc7 1/2-1/2

[Event "FIDE Womens Grand Prix 2019-20"]
[Site "Skolkovo"]
[Date "2019.09.13"]
[Round "3.5"]
[White "Koneru, Humpy"]
[Black "Kashlinskaya, Alina"]
[Result "1-0"]
[ECO "D38"]
[WhiteElo "2560"]
[BlackElo "2487"]
[Annotator "ChessBase"]
[PlyCount "39"]
[EventDate "2019.09.11"]
[EventType "tourn"]
[EventCountry "RUS"]
[SourceTitle "playchess.com"]
[Source "ChessBase"]
[SourceQuality "1"]
[TimeControl "40/5400+30:1800+30"]

1. d4 Nf6 2. c4 e6 3. Nf3 d5 4. Nc3 Bb4 5. Bg5 h6 6. Bxf6 Qxf6 7. e3 O-O 8. Rc1 dxc4 9. Bxc4 c5 10. O-O cxd4 11. Ne4 Qe7 12. exd4 Rd8 13. Qc2 Bd7 14. a3 Ba5 15. b4 Bb6 16. Rfe1 Bc6 17. Rcd1 Qc7 18. Neg5 Bxf3 19. Qh7+ Kf8 20. Rxe6 1-0

[Event "FIDE Womens Grand Prix 2019-20"]
[Site "Skolkovo"]
[Date "2019.09.13"]
[Round "3.6"]
[White "Harika, Dronavalli"]
[Black "Sebag, Marie"]
[Result "1-0"]
[ECO "A03"]
[WhiteElo "2503"]
[BlackElo "2450"]
[Annotator "ChessBase"]
[PlyCount "105"]
[EventDate "2019.09.11"]
[EventType "tourn"]
[EventCountry "RUS"]
[SourceTitle "playchess.com"]
[Source "ChessBase"]
[SourceQuality "1"]
[TimeControl "40/5400+30:1800+30"]

1. f4 d5 2. Nf3 g6 3. g3 Bg7 4. Bg2 Nf6 5. O-O O-O 6. d3 c5 7. Qe1 d4 8. Na3 Nc6 9. c4 Re8 10. Rb1 Nd7 11. Qf2 Nf6 12. h3 e6 13. Bd2 Rb8 14. Ne5 Ne7 15. b4 cxb4 16. Bxb4 Nf5 17. Nc2 Nd7 18. g4 Ne3 19. Nxe3 dxe3 20. Qxe3 Qc7 21. Bc3 b6 22. Nxd7 Bxd7 23. Be5 Bxe5 24. fxe5 Bc6 25. Rf4 Bxg2 26. Kxg2 Qc6+ 27. Qf3 Qxf3+ 28. Kxf3 Rec8 29. Rd4 Rb7 30. a4 Rc5 31. Rb5 Rbc7 32. Rd8+ Kg7 33. Ra8 f6 34. Rxc5 bxc5 35. h4 g5 36. exf6+ Kxf6 37. h5 Ke5 38. Ke3 Rf7 39. a5 Kd6 40. Rd8+ Ke5 41. Rc8 Kd6 42. Rg8 h6 43. Rg6 Rf4 44. Rxh6 Rxg4 45. Rg6 Ke5 46. a6 Kf5 47. Rg7 Rh4 48. Rxa7 Rxh5 49. Rc7 Rh3+ 50. Kf2 Rh2+ 51. Kg3 Rxe2 52. Rxc5+ e5 53. Ra5 1-0

[Event "FIDE Womens Grand Prix 2019-20"]
[Site "Skolkovo"]
[Date "2019.09.14"]
[Round "4.1"]
[White "Ju, Wenjun"]
[Black "Sebag, Marie"]
[Result "1-0"]
[ECO "D11"]
[WhiteElo "2576"]
[BlackElo "2450"]
[Annotator "ChessBase"]
[PlyCount "67"]
[EventDate "2019.09.11"]
[EventType "tourn"]
[EventCountry "RUS"]
[SourceTitle "playchess.com"]
[Source "ChessBase"]
[SourceQuality "1"]
[TimeControl "40/5400+30:1800+30"]

1. d4 d5 2. c4 c6 3. Nf3 Nf6 4. Qc2 dxc4 5. Qxc4 Bf5 6. g3 e6 7. Bg2 Be7 8. O-O Nbd7 9. Qb3 Qb6 10. Nbd2 O-O 11. Nc4 Qa6 12. Bf4 Nb6 13. Bd6 Bxd6 14. Nxd6 Bg6 15. Ne5 Rad8 16. Qb4 Nfd5 17. Bxd5 exd5 18. a4 Qxe2 19. Rfe1 Qh5 20. Nxb7 Rb8 21. a5 Nc4 22. Nd7 Qf3 23. Nxb8 Rxb8 24. Nd6 Rf8 25. Nxc4 dxc4 26. Re3 Qd5 27. Qc5 Qxc5 28. dxc5 Rb8 29. Re7 h5 30. Rxa7 Rxb2 31. a6 c3 32. Rb7 Kh7 33. Rxb2 cxb2 34. Re1 1-0

[Event "FIDE Womens Grand Prix 2019-20"]
[Site "Skolkovo"]
[Date "2019.09.14"]
[Round "4.2"]
[White "Kashlinskaya, Alina"]
[Black "Harika, Dronavalli"]
[Result "1-0"]
[ECO "B07"]
[WhiteElo "2487"]
[BlackElo "2503"]
[Annotator "ChessBase"]
[PlyCount "105"]
[EventDate "2019.09.11"]
[EventType "tourn"]
[EventCountry "RUS"]
[SourceTitle "playchess.com"]
[Source "ChessBase"]
[SourceQuality "1"]
[TimeControl "40/5400+30:1800+30"]

1. d4 d6 2. e4 Nf6 3. Nc3 g6 4. Be3 c6 5. Qd2 Nbd7 6. Nf3 Qa5 7. Bd3 Bg7 8. Bh6 O-O 9. h4 Bxh6 10. Qxh6 Ng4 11. Qg5 Qxg5 12. hxg5 e5 13. Rh4 exd4 14. Nxd4 Nge5 15. f4 Nxd3+ 16. cxd3 Re8 17. g4 a5 18. Kd2 a4 19. Rah1 Nf8 20. a3 Bd7 21. Nc2 Kg7 22. d4 Red8 23. Kc1 Be8 24. Kd2 Ra7 25. Ke3 b6 26. f5 d5 27. exd5 cxd5 28. Nb4 Ra5 29. Kf4 f6 30. gxf6+ Kxf6 31. Rxh7 g5+ 32. Kg3 Nxh7 33. Rxh7 Bf7 34. Nc6 Re8 35. Nxa5 bxa5 36. Nxa4 Re1 37. Nb6 Rg1+ 38. Kf3 Ke7 39. Nxd5+ Kf8 40. Nc7 Rf1+ 41. Ke3 Re1+ 42. Kf2 Re4 43. d5 Rxg4 44. Ne6+ Bxe6 45. fxe6 Rd4 46. Rf7+ Ke8 47. Rf5 g4 48. Ke3 Rd1 49. Kf4 Rg1 50. d6 Rd1 51. Ke5 g3 52. d7+ Kd8 53. Rf8+ 1-0

[Event "FIDE Womens Grand Prix 2019-20"]
[Site "Skolkovo"]
[Date "2019.09.14"]
[Round "4.3"]
[White "Kosteniuk, Alexandra"]
[Black "Koneru, Humpy"]
[Result "1/2-1/2"]
[ECO "C42"]
[WhiteElo "2495"]
[BlackElo "2560"]
[Annotator "ChessBase"]
[PlyCount "113"]
[EventDate "2019.09.11"]
[EventType "tourn"]
[EventCountry "RUS"]
[SourceTitle "playchess.com"]
[Source "ChessBase"]
[SourceQuality "1"]
[TimeControl "40/5400+30:1800+30"]

1. e4 e5 2. Nf3 Nf6 3. Nxe5 d6 4. Nf3 Nxe4 5. d4 d5 6. Bd3 Bf5 7. O-O Be7 8. c4 dxc4 9. Bxc4 O-O 10. Re1 Nd6 11. Bd5 Na6 12. Ne5 Nb4 13. Bb3 Nc6 14. Nxc6 bxc6 15. Qf3 Bf6 16. Qxc6 Re8 17. Be3 Bxd4 18. Nc3 Bxe3 19. fxe3 Re5 20. Rf1 Rb8 21. Rad1 Be6 22. Nd5 Bxd5 23. Bxd5 Re7 24. Rd2 Rb6 25. Qa4 Qb8 26. Qh4 Qe8 27. Bb3 h6 28. Rdf2 a5 29. Rf4 c5 30. Rg4 Rb4 31. Rxg7+ Kxg7 32. Qf6+ Kh7 33. Qxd6 Rxb3 34. axb3 Rxe3 35. Qxc5 Re1 36. h3 Qe3+ 37. Qxe3 Rxe3 38. Rxf7+ Kg6 39. Rb7 Re2 40. b4 a4 41. Ra7 Rxb2 42. Rxa4 Kg5 43. Kh2 h5 44. Ra5+ Kh4 45. b5 Kg5 46. Kg3 Rb3+ 47. Kh2 h4 48. Kg1 Kf4 49. b6 Rxb6 50. Rh5 Rb4 51. Kh2 Ke3 52. Rg5 Rc4 53. Rf5 Rf4 54. Rxf4 Kxf4 55. Kg1 Kg3 56. Kf1 Kf4 57. Kf2 1/2-1/2

[Event "FIDE Womens Grand Prix 2019-20"]
[Site "Skolkovo"]
[Date "2019.09.14"]
[Round "4.4"]
[White "Goryachkina, Aleksandra"]
[Black "Lagno, Kateryna"]
[Result "1/2-1/2"]
[ECO "B51"]
[WhiteElo "2564"]
[BlackElo "2545"]
[Annotator "ChessBase"]
[PlyCount "65"]
[EventDate "2019.09.11"]
[EventType "tourn"]
[EventCountry "RUS"]
[SourceTitle "playchess.com"]
[Source "ChessBase"]
[SourceQuality "1"]
[TimeControl "40/5400+30:1800+30"]

1. e4 c5 2. Nf3 d6 3. Bb5+ Nd7 4. Ba4 Ngf6 5. O-O g6 6. Re1 Bg7 7. c3 O-O 8. d4 e5 9. dxe5 dxe5 10. Bg5 Nb6 11. Qxd8 Rxd8 12. Bc2 h6 13. Bh4 Re8 14. Na3 Bd7 15. Nd2 g5 16. Bg3 Rad8 17. f3 Nh5 18. Rad1 Nf4 19. Ndc4 Nxc4 20. Nxc4 Be6 21. Ne3 b5 22. a4 a6 23. Kf1 c4 24. Bxf4 exf4 25. Nd5 Bxd5 26. exd5 Rxe1+ 27. Kxe1 Bf8 28. axb5 axb5 29. Be4 Kg7 30. d6 Rxd6 31. Rxd6 Bxd6 32. Bc6 b4 33. Bd5 1/2-1/2

[Event "FIDE Womens Grand Prix 2019-20"]
[Site "Skolkovo"]
[Date "2019.09.14"]
[Round "4.5"]
[White "Cramling, Pia"]
[Black "Gunina, Valentina"]
[Result "1/2-1/2"]
[ECO "A28"]
[WhiteElo "2487"]
[BlackElo "2502"]
[Annotator "ChessBase"]
[PlyCount "113"]
[EventDate "2019.09.11"]
[EventType "tourn"]
[EventCountry "RUS"]
[SourceTitle "playchess.com"]
[Source "ChessBase"]
[SourceQuality "1"]
[TimeControl "40/5400+30:1800+30"]

1. c4 e5 2. Nc3 Nf6 3. e3 Nc6 4. Nf3 Bb4 5. Qc2 Bxc3 6. Qxc3 d6 7. d3 O-O 8. Be2 e4 9. Nd4 Ne5 10. dxe4 c5 11. Nf3 Nxe4 12. Qc2 Bf5 13. Nxe5 Ng3 14. Bd3 Bxd3 15. Qxd3 Nxh1 16. Nf3 Qf6 17. Bd2 b5 18. Bc3 bxc4 19. Qxc4 Qh6 20. Kf1 Rae8 21. Re1 Kh8 22. Kg1 Nxf2 23. Kxf2 f5 24. Qf4 Qe6 25. Ng5 Qg6 26. Rd1 Rd8 27. Rd5 h6 28. Nf3 Qe6 29. Qc4 Qe4 30. Nd2 Qe7 31. Nf3 Qe4 32. Nd2 Qe7 33. g3 Rde8 34. Nf1 Rd8 35. Nd2 Rde8 36. Nf1 Rd8 37. Qd3 Qe6 38. Nd2 Rd7 39. Nc4 Rfd8 40. Ba5 Rb8 41. b3 Re8 42. Bc3 Red8 43. Rxf5 d5 44. Ne5 c4 45. bxc4 dxc4 46. Qe4 Kg8 47. Rf4 Rd5 48. Ng6 Qxe4 49. Rxe4 R5d6 50. Nf4 g5 51. Nh5 Rc6 52. Re7 Rd3 53. Bg7 Rdd6 54. Bc3 Rd3 55. Bg7 Rdd6 56. Bc3 Rd3 57. Bg7 1/2-1/2

[Event "FIDE Womens Grand Prix 2019-20"]
[Site "Skolkovo"]
[Date "2019.09.14"]
[Round "4.6"]
[White "Stefanova, Antoaneta"]
[Black "Paehtz, Elisabeth"]
[Result "1/2-1/2"]
[ECO "B96"]
[WhiteElo "2491"]
[BlackElo "2479"]
[Annotator "ChessBase"]
[PlyCount "50"]
[EventDate "2019.09.11"]
[EventType "tourn"]
[EventCountry "RUS"]
[SourceTitle "playchess.com"]
[Source "ChessBase"]
[SourceQuality "1"]
[TimeControl "40/5400+30:1800+30"]

1. e4 c5 2. Nf3 d6 3. d4 cxd4 4. Nxd4 Nf6 5. Nc3 a6 6. Bg5 e6 7. f4 Nbd7 8. Qf3 Qc7 9. O-O-O b5 10. e5 Bb7 11. Qh3 dxe5 12. Nxe6 fxe6 13. Qxe6+ Be7 14. Bxb5 axb5 15. Nxb5 Qc6 16. Nd6+ Kd8 17. fxe5 Kc7 18. Bxf6 gxf6 19. Qxe7 Rxa2 20. Nxb7 Ra1+ 21. Kd2 Qxg2+ 22. Kc3 Qc6+ 23. Kd2 Qg2+ 24. Kc3 Qc6+ 25. Kd2 Qg2+ 1/2-1/2

[Event "FIDE Womens Grand Prix 2019-20"]
[Site "Skolkovo"]
[Date "2019.09.15"]
[Round "5.1"]
[White "Paehtz, Elisabeth"]
[Black "Ju, Wenjun"]
[Result "1/2-1/2"]
[ECO "C42"]
[WhiteElo "2479"]
[BlackElo "2576"]
[Annotator "ChessBase"]
[PlyCount "46"]
[EventDate "2019.09.11"]
[EventType "tourn"]
[EventCountry "RUS"]
[SourceTitle "playchess.com"]
[Source "ChessBase"]
[SourceQuality "1"]
[TimeControl "40/5400+30:1800+30"]

1. e4 e5 2. Nf3 Nf6 3. Nxe5 d6 4. Nf3 Nxe4 5. d4 d5 6. Bd3 Bf5 7. O-O Be7 8. Re1 O-O 9. c4 Nc6 10. cxd5 Qxd5 11. Nc3 Nxc3 12. bxc3 Bxd3 13. Qxd3 Rfe8 14. Bf4 Bd6 15. c4 Qh5 16. Bg3 b6 17. Re4 Bxg3 18. hxg3 Rxe4 19. Qxe4 Qg6 20. Qf4 Qd6 21. Qe4 Qg6 22. Qf4 Qd6 23. Qe4 Qg6 1/2-1/2

[Event "FIDE Womens Grand Prix 2019-20"]
[Site "Skolkovo"]
[Date "2019.09.15"]
[Round "5.2"]
[White "Gunina, Valentina"]
[Black "Stefanova, Antoaneta"]
[Result "1/2-1/2"]
[ECO "C78"]
[WhiteElo "2502"]
[BlackElo "2491"]
[Annotator "ChessBase"]
[PlyCount "77"]
[EventDate "2019.09.11"]
[EventType "tourn"]
[EventCountry "RUS"]
[SourceTitle "playchess.com"]
[Source "ChessBase"]
[SourceQuality "1"]
[TimeControl "40/5400+30:1800+30"]

1. e4 e5 2. Nf3 Nc6 3. Bb5 a6 4. Ba4 Nf6 5. O-O Bc5 6. d3 d6 7. c3 Ba7 8. h3 h6 9. Re1 g5 10. Nh2 g4 11. hxg4 Rg8 12. g5 hxg5 13. d4 g4 14. Be3 Nxe4 15. Nd2 Nxf2 16. Bxf2 g3 17. Bxg3 Rxg3 18. Ne4 Rg6 19. Qh5 Be6 20. Kh1 exd4 21. Rad1 Kd7 22. cxd4 Qh8 23. Qf3 Bxd4 24. g4 b5 25. Bc2 Ne5 26. Qf4 Bxg4 27. Nc5+ Bxc5 28. Rxe5 Bxd1 29. Qxf7+ Kd8 30. Bxg6 dxe5 31. Qd5+ Ke7 32. Qxc5+ Kf6 33. Qc6+ Kg5 34. Qg2+ Kf6 35. Qc6+ Kg5 36. Qg2+ Kf6 37. Qc6+ Kg5 38. Qg2+ Kf6 39. Qc6+ 1/2-1/2

[Event "FIDE Womens Grand Prix 2019-20"]
[Site "Skolkovo"]
[Date "2019.09.15"]
[Round "5.3"]
[White "Lagno, Kateryna"]
[Black "Cramling, Pia"]
[Result "1-0"]
[ECO "B62"]
[WhiteElo "2545"]
[BlackElo "2487"]
[Annotator "ChessBase"]
[PlyCount "107"]
[EventDate "2019.09.11"]
[EventType "tourn"]
[EventCountry "RUS"]
[SourceTitle "playchess.com"]
[Source "ChessBase"]
[SourceQuality "1"]
[TimeControl "40/5400+30:1800+30"]

1. e4 c5 2. Nf3 d6 3. d4 cxd4 4. Nxd4 Nf6 5. Nc3 Nc6 6. Bg5 e6 7. Bb5 Bd7 8. Qd3 h6 9. Bh4 Be7 10. O-O-O O-O 11. f4 Nxd4 12. Bxd7 Qxd7 13. Qxd4 Rfd8 14. e5 Ne8 15. Bxe7 Qxe7 16. Qb4 Qc7 17. Rhe1 Rac8 18. Qe4 a6 19. f5 dxe5 20. Rxd8 Rxd8 21. Qxe5 Qxe5 22. Rxe5 exf5 23. Rxf5 Nf6 24. h3 Kf8 25. Re5 Rd6 26. b4 Nd7 27. Re4 h5 28. a4 b6 29. Kb2 f6 30. Ne2 Ne5 31. Rd4 Ke7 32. Kb3 g6 33. c4 Rxd4 34. Nxd4 Kd6 35. Kc3 a5 36. Nb3 Nc6 37. c5+ bxc5 38. b5 Ne5 39. Nxa5 Kd5 40. Nb3 Nc4 41. a5 Nd6 42. b6 Kc6 43. Nd2 Kb5 44. Nc4 Nb7 45. Kd3 h4 46. Ke4 Nxa5 47. Nxa5 Kxb6 48. Nc4+ Kb5 49. Kd5 Kb4 50. Nd6 Kc3 51. Ke6 f5 52. Kf6 f4 53. Kxg6 Kd4 54. Kf5 1-0

[Event "FIDE Womens Grand Prix 2019-20"]
[Site "Skolkovo"]
[Date "2019.09.15"]
[Round "5.4"]
[White "Koneru, Humpy"]
[Black "Goryachkina, Aleksandra"]
[Result "1/2-1/2"]
[ECO "D12"]
[WhiteElo "2560"]
[BlackElo "2564"]
[Annotator "ChessBase"]
[PlyCount "53"]
[EventDate "2019.09.11"]
[EventType "tourn"]
[EventCountry "RUS"]
[SourceTitle "playchess.com"]
[Source "ChessBase"]
[SourceQuality "1"]
[TimeControl "40/5400+30:1800+30"]

1. d4 d5 2. c4 c6 3. Nf3 Nf6 4. e3 Bf5 5. Nc3 e6 6. Nh4 Bg6 7. Qb3 Qb6 8. Nxg6 hxg6 9. Bd2 Nbd7 10. Bd3 Be7 11. h3 Rc8 12. cxd5 cxd5 13. O-O O-O 14. Rfc1 a6 15. Qd1 Qa7 16. Ne2 Ne4 17. Rxc8 Rxc8 18. Rc1 Rxc1 19. Bxc1 Ndf6 20. Qc2 Qb8 21. f3 Ng3 22. Nxg3 Qxg3 23. Qf2 Qc7 24. Qc2 Qg3 25. Qf2 Qc7 26. Qc2 Qg3 27. Qf2 1/2-1/2

[Event "FIDE Womens Grand Prix 2019-20"]
[Site "Skolkovo"]
[Date "2019.09.15"]
[Round "5.5"]
[White "Harika, Dronavalli"]
[Black "Kosteniuk, Alexandra"]
[Result "1/2-1/2"]
[ECO "C45"]
[WhiteElo "2503"]
[BlackElo "2495"]
[Annotator "ChessBase"]
[PlyCount "73"]
[EventDate "2019.09.11"]
[EventType "tourn"]
[EventCountry "RUS"]
[SourceTitle "playchess.com"]
[Source "ChessBase"]
[SourceQuality "1"]
[TimeControl "40/5400+30:1800+30"]

1. e4 e5 2. Nf3 Nc6 3. d4 exd4 4. Nxd4 Nf6 5. Nxc6 bxc6 6. e5 Qe7 7. Qe2 Nd5 8. h4 a5 9. g3 Ba6 10. c4 Qe6 11. Bh3 Bb4+ 12. Nd2 Qe7 13. O-O Nb6 14. b3 Bc3 15. Rb1 O-O 16. Nf3 f6 17. e6 d6 18. Qd3 Be5 19. Nd4 Bxd4 20. Qxd4 c5 21. Qc3 Bb7 22. Re1 Nc8 23. a3 Qe8 24. b4 axb4 25. axb4 Qc6 26. Kh2 Ra2 27. Be3 Qf3 28. Rb2 cxb4 29. Qxb4 Rxb2 30. Qxb2 Ne7 31. Qe2 Ng6 32. Qxf3 Bxf3 33. c5 Re8 34. cxd6 cxd6 35. Ra1 Ne5 36. Bf4 Ng4+ 37. Bxg4 1/2-1/2

[Event "FIDE Womens Grand Prix 2019-20"]
[Site "Skolkovo"]
[Date "2019.09.15"]
[Round "5.6"]
[White "Sebag, Marie"]
[Black "Kashlinskaya, Alina"]
[Result "1/2-1/2"]
[ECO "C42"]
[WhiteElo "2450"]
[BlackElo "2487"]
[Annotator "ChessBase"]
[PlyCount "53"]
[EventDate "2019.09.11"]
[EventType "tourn"]
[EventCountry "RUS"]
[SourceTitle "playchess.com"]
[Source "ChessBase"]
[SourceQuality "1"]
[TimeControl "40/5400+30:1800+30"]

1. e4 e5 2. Nf3 Nf6 3. Nxe5 d6 4. Nf3 Nxe4 5. d4 d5 6. Bd3 Bd6 7. O-O O-O 8. c4 c6 9. Re1 Bf5 10. Qb3 Qd7 11. Nc3 Nxc3 12. Bxf5 Qxf5 13. bxc3 b6 14. h3 dxc4 15. Qxc4 b5 16. Qb3 Nd7 17. Ba3 Bxa3 18. Qxa3 a5 19. Ne5 Nxe5 20. Rxe5 Qd3 21. Qc5 Rac8 22. Rae1 h6 23. R5e3 Qc2 24. R3e2 Qd3 25. Re3 Qc2 26. R3e2 Qd3 27. Re3 1/2-1/2